 Dungeon Crawl Stone Soup version 0.25-a0-479-g8579842 (webtiles) character file.

Game seed: 6019734375753672233, levelgen mode: deterministic

569 15 the Ruffian (level 7, -2/56 HPs)
             Began as a Purple Draconian Transmuter on Feb 9, 2020.
             Slain by a gnoll
             ... wielding a +0 spear
              (11 damage)
             ... on level 4 of the Dungeon.
             The game lasted 00:21:17 (4362 turns).

15 the Ruffian (Purple Draconian Transmuter)        Turns: 4362, Time: 00:21:17

Health: -2/56      AC:  6    Str: 14    XL:     7   Next: 11%
Magic:  22/22      EV: 13    Int: 14    God:
Gold:   124        SH:  0    Dex: 11    Spells: 5/14 levels left

rFire    + . .     SeeInvis .     - Unarmed
rCold    x . .     Gourm    .   (no shield)
rNeg     . . .     Faith    .   (armour unavailable)
rPois    .         Spirit   .   (helmet restricted)
rElec    .         Reflect  .   (no cloak)
rCorr    .         Harm     .   (no gloves)
MR       +....                  (no boots)
Stlth    +.........             (no amulet)
HPRegen  0.18/turn              d - ring of magical power
MPRegen  0.18/turn              b - ring of fire

@: no status effects
A: breathe power, unfitting armour, cold-blooded, AC +6
a: Breathe Dispelling Energy


You were on level 4 of the Dungeon.
You were not hungry.

You visited 1 branch of the dungeon, and saw 4 of its levels.
You also visited: Sewer.

You collected 124 gold pieces.

Inventory:

Hand Weapons
 e - a +2 halberd of flaming
Missiles
 a - 29 arrows
Jewellery
 b - a ring of fire (right hand)
 d - a ring of magical power (left hand)
Scrolls
 f - a scroll of identify
 k - a scroll of magic mapping
 m - a scroll of immolation {unknown}
Potions
 h - a potion of flight
 j - a potion of heal wounds {unknown}
Comestibles
 c - 6 rations


   Skills:
 * Level 2.8 Fighting
 * Level 3.3 Dodging
 + Level 0.5 Stealth
 + Level 5.1 Unarmed Combat
 * Level 4.1 Spellcasting
 * Level 2.0 Hexes
 * Level 3.1 Transmutations
 + Level 0.5 Poison Magic


You had 5 spell levels left.
You knew the following spells:

 Your Spells              Type           Power        Failure   Level  Hunger
a - Beastly Appendage     Tmut           ##....       5%          1    None
b - Sticks to Snakes      Tmut           ##......     8%          2    ##.....
c - Spider Form           Tmut/Pois      #.........   26%         3    ###....
d - Confusing Touch       Hex            #.......     24%         3    ###....

Your spell library contained the following spells:

 Spells                   Type           Power        Failure   Level  Hunger
 Corona                   Hex            #......      9%          1    None
 Animate Skeleton         Necr           N/A          19%         1    None
 Apportation              Tloc           #.....       19%         1    None
 Summon Small Mammal      Summ           #...         19%         1    None
 Gell's Gravitas          Tloc           #.........   50%         3    ###....
 Ice Form                 Ice/Tmut       #.......     69%         4    ####...
 Petrify                  Tmut/Erth      #.......     69%         4    ####...
 Blade Hands              Tmut           ##........   82%         5    ######.
 Yara's Violent Unravell  Hex/Tmut       ##........   88%         5    ######.
 Metabolic Englaciation   Hex/Ice        #.........   98%         5    ######.


Dungeon Overview and Level Annotations

Branches:
Dungeon (4/15)             Temple (0/1) D:4           Sewer (visited)

Altars:
Fedhas
Trog

Annotations:
D:3 Sigmund


Innate Abilities, Weirdness & Mutations

You can breathe bolts of dispelling energy.
Your rich purple scales are hard. (AC +6)
You cannot fit into any form of body armour.
You are cold-blooded and may be slowed by cold attacks.


Message History

The gnoll is almost dead.
The gnoll hits you but does no damage. The gnoll barely misses you.
You hit the gnoll.
You kill the gnoll!
The gnoll hits you from afar with a +0 spear.
* * * LOW HITPOINT WARNING * * *
The gnoll hits you with a +0 spear.
* * * LOW HITPOINT WARNING * * *
Items here: ))) [ † a +0 whip x2; a +0 leather armour; a cursed -2 flail; a gnoll corpse You hit the gnoll but do no damage.
You hit the gnoll.
The gnoll is lightly wounded.
The gnoll barely misses you.
You closely miss the gnoll.
Your tail-slap misses the gnoll.
The gnoll is lightly wounded.
The gnoll barely misses you.
Unknown command.
The gnoll hits you from afar with a +0 spear!
You die...

≈≈#####.......# #.........
≈≈##..........# #.........
≈≈##.........^# ##########
≈≈##..........# #
..##..........# ******#
.###....[...g.# *,,,,,,
..............# *,*,,,,
####.........g###### *,*,,,,
**#####.....gg)@..# *,*,,,,
*........########.#**** *,*,,,,
*........# ****,.$,,* *,*,,,,
*........# *,,,,*##,* *,*,,,,
*........#****,**,,,*,****,*,,,,
*.........,,**,*,,,,*,*,,,,+,,,,
*#######.#*,,,,,,_,,,,,,****,,,,
#.#***,*,,,,*,**** *,,,, *,*
*,*,,,**,* *****


You could see 3 gnolls.

Vanquished Creatures
  A centaur (D:4)
  A big kobold (Sewer)
  A scorpion (D:4)
  A gnoll shaman (D:4)
  An orc priest (D:3)
  3 orc wizards (D:3)
  Natasha (D:2)
  6 gnolls
  2 adders (D:3)
  2 river rats (Sewer)
  An ooze (D:2)
  4 worms
  3 dart slugs (D:1)
  5 leopard geckos
  6 orcs
  5 bats
  7 giant cockroaches
  7 goblins
  7 hobgoblins
  2 jackals (Sewer)
  14 kobolds
  A quokka (D:3)
  A ball python (D:3)
  5 frilled lizards
  12 rats
99 creatures vanquished.

Notes
Turn   | Place    | Note
-------+----------+-------------------------------------------
     0 | D:1      | 15 the Draconian Transmuter began the quest for the Orb.
     0 | D:1      | Reached XP level 1. HP: 16/16 MP: 3/3
     2 | D:1      | Noticed a tengu
     4 | D:1      | Noticed an octopode
     6 | D:1      | Noticed a ghoul
     8 | D:1      | Noticed a demigod
     8 | D:1      | Noticed a minotaur
    10 | D:1      | Noticed a felid
    12 | D:1      | Noticed a merfolk
    12 | D:1      | Noticed a troll
    14 | D:1      | Noticed an elf
    14 | D:1      | Noticed a gargoyle
    16 | D:1      | Noticed a human
    16 | D:1      | Noticed a dwarf
    18 | D:1      | Noticed a halfling
    18 | D:1      | Noticed a vine stalker
    20 | D:1      | Noticed a vampire
    20 | D:1      | Noticed a naga
    22 | D:1      | Noticed a centaur
    22 | D:1      | Noticed a spriggan
    24 | D:1      | Noticed a demonspawn
    24 | D:1      | Noticed a formicid
    26 | D:1      | Noticed a draconian
    26 | D:1      | Noticed an ogre
   153 | D:1      | Reached XP level 2. HP: 19/23 MP: 3/5
   684 | D:1      | Reached XP level 3. HP: 28/28 MP: 6/6
   719 | D:1      | Learned a level 2 spell: Sticks to Snakes
   723 | D:1      | Learned a level 3 spell: Spider Form
  1261 | D:2      | Noticed a moth of wrath
  1264 | D:2      | Found a bloodstained altar of Trog.
  1569 | D:2      | Noticed Natasha
  1579 | D:2      | Killed Natasha
  1579 | D:2      | Reached XP level 4. HP: 17/36 MP: 8/8
  1826 | D:3      | Reached skill level 4 in Unarmed Combat
  1826 | D:3      | Reached XP level 5. HP: 25/41 MP: 9/9
  1852 | D:3      | Learned a level 3 spell: Confusing Touch
  1978 | D:3      | Found a blossoming altar of Fedhas.
  1998 | D:3      | Noticed an ogre
  2676 | D:3      | Reached skill level 1 in Hexes
  3105 | D:3      | Reached XP level 6. HP: 6/48 MP: 10/10
  3435 | D:3      | Noticed Sigmund
  3805 | D:4      | Found a glowing drain.
  3861 | Sewer    | Entered a sewer
  4186 | Sewer    | Found a glowing silver altar of Zin.
  4343 | D:4      | Reached skill level 5 in Unarmed Combat
  4343 | D:4      | Your scales start taking on a rich purple colour.
  4343 | D:4      | Reached XP level 7. HP: 31/56 MP: 13/13
  4362 | D:4      | Slain by a gnoll

Levels and vault maps discovered:
D:1:      kb_arrival_jail, layout_basic
D:2:      layout_basic, tgw_trog, first_ration, amethyst_killhole, uniq_natasha
D:3:      layout_basic, lemuel_doored_altar, minmay_strange_pillars,
          uniq_sigmund
D:4:      layout_basic, nicolae_overflow_crystal_walls, temple_green,
          portal_sewer_entry_f, serial_curves, eino_curves_04, eino_curves_03

Skill      XL: |  1  2  3  4  5  6 |
---------------+-------------------+-----
Dodging        | 2 3 |  3.3
Fighting       | 2 |  2.8
Unarmed Combat | 4 5 |  5.1
Hexes          | 1 2 |  2.0
Spellcasting   | 4 |  4.1
Transmutations | 3 |  3.1
Stealth        | |  0.5
Poison Magic   | |  0.5

Action                   |  1- 3 |  4- 6 |  7- 9 || total
-------------------------+-------+-------+-------++-------
Melee: Unarmed           |   161 |   235 |    16 ||   412
       Tailslap          |    13 |    21 |     1 ||    35
       Headbutt          |     9 |    11 |     2 ||    22
       Punch             |     2 |     5 |       ||     7
       Kick              |     9 |    11 |       ||    20
 Cast: Beastly Appendage |    20 |    13 |       ||    33
       Spider Form       |     2 |     4 |       ||     6
       Confusing Touch   |       |     1 |       ||     1
  Use: Scroll            |     2 |     4 |       ||     6
       Potion            |       |     7 |     1 ||     8
 Stab: Confused          |       |     1 |       ||     1
  Eat: Chunk             |     3 |    10 |       ||    13
Armor: Skin              |    32 |    58 |     3 ||    93
Dodge: Dodged            |    91 |   167 |    11 ||   269

Table legend:
 A = Non-vault XP
 B = Vault XP
 C = Vault XP percentage of total XP
 D = Non-vault monster count
 E = Vault monster count
 F = Vault count percentage of total count
                 A         B        C        D         E       F
            +---------+---------+-------+---------+---------+-------
      Total |     605 |     208 |  25.6 |      78 |      21 |  21.2
            +---------+---------+-------+---------+---------+-------
        D:1 |      54 |       0 |   0.0 |      31 |       0 |   0.0
        D:2 |      20 |      52 |  72.2 |      10 |       6 |  37.5
        D:3 |     274 |       0 |   0.0 |      30 |       0 |   0.0
        D:4 |     257 |      14 |   5.2 |       7 |       5 |  41.7
      Sewer |       0 |     142 | 100.0 |       0 |      10 | 100.0
            +---------+---------+-------+---------+---------+-------
